 Dungeon Crawl Stone Soup version 0.16-a0-3889-g45dc0c2 (webtiles) character file.

485 timbw the Chopper (level 7, -9/57 HPs)
             Began as a Ghoul Fighter on Feb 2, 2015.
             Was a Follower of Okawaru.
             Splashed by a jelly's acid (12 damage)
             ... on level 7 of the Dungeon.
             The game lasted 00:05:22 (970 turns).

timbw the Chopper (Ghoul Fighter)                    Turns: 970, Time: 00:05:22

Health: -9/57      AC:  7    Str: 20      XL:     7   Next: 13%
Magic:  4/5        EV:  8    Int:  8      God:    Okawaru [*.....]
Gold:   20         SH:  0    Dex:  5 (8)  Spells: 0 memorised, 6 levels left

rFire  . . .     SeeInvis .     q - +0 war axe (freeze)
rCold  + . .     Clarity  .     l - +0 chain mail
rNeg   + + +     SustAb   .     (no shield)
rPois  ∞         Gourm    .     g - +0 helmet
rElec  .         Spirit   .     (no cloak)
rCorr  .         Warding  .     (no gloves)
rMut   .         Stasis   .     (no boots)
MR     .....                    (no amulet)
Stlth  ..........               w - +3 ring of intelligence
                                d - ring of wizardry

@: heroism, corroded equipment, rotting, not resistant to hostile enchantments,
extremely unstealthy
A: rotting body, claws 1, carnivore 3, cold resistance 1, negative energy
resistance 3, poison resistance, slow healing 1, torment resistance, unbreathing
a: Heroism, Renounce Religion


You were on level 7 of the Dungeon.
You worshipped Okawaru.
Okawaru was aware of your devotion.
You were not hungry.

You visited 1 branch of the dungeon, and saw 7 of its levels.

You collected 20 gold pieces.

Inventory:

Hand weapons
 a - a +0 war axe
 q - a +0 war axe of freezing (weapon)
Armour
 b - a +0 scale mail
 g - a +0 helmet (worn)
 l - a +0 chain mail (worn)
Jewellery
 d - a ring of wizardry (left claw)
 w - a +3 ring of intelligence (right claw)
Scrolls
 c - a scroll of random uselessness {unknown}
 f - a scroll of amnesia {unknown}
 n - 3 scrolls of identify
 r - a scroll of noise {unknown}
 s - a scroll of recharging {unknown}
 u - a scroll of immolation
Potions
 e - a potion of might
 h - 3 potions of curing
 i - a potion of mutation {unknown}
 k - a potion of restore abilities {unknown}
 m - a potion of magic {unknown}
 o - a potion of berserk rage {unknown}
 p - a potion of cure mutation {unknown}
 t - a potion of heal wounds {unknown}
Comestibles
 j - 3 meat rations
 v - a royal jelly
 x - a chunk of flesh


   Skills:
 + Level 3.6(8.6) Fighting
 * Level 6.6(11.6) Axes
 + Level 2.9(7.9) Armour
   Level 2.6(7.6) Shields


You had 6 spell levels left.
You didn't know any spells.

Dungeon Overview and Level Annotations

Branches:
Dungeon (7/15)
 Temple: D:4-7

Altars:
Dithmenos
Okawaru

Annotations:
D:6 Eustachio


Innate Abilities, Weirdness & Mutations

Your body is rotting away.
You thrive on raw meat.
You have sharp fingernails.
You are carnivorous and can eat meat at any time.
Your flesh is cold resistant.
You are immune to negative energy.
Your system is resistant to poisons.
You heal slowly when monsters are visible.
You are immune to unholy pain and torment.
You can survive without breathing.


Message History

Unknown command.
You completely miss the big kobold.
The big kobold is severely wounded.
You hit the jelly. You freeze the jelly.
The jelly is heavily wounded.
The big kobold hits you but does no damage.
You hear a slurping noise.
The jelly hits you.
* * * LOW HITPOINT WARNING * * *
You are splashed with acid!
The acid corrodes your equipment!
The acid burns!
* * * LOW HITPOINT WARNING * * *
You hit the big kobold. You freeze the big kobold.
The big kobold is almost dead.
Your chain mail prevents you from hitting the jelly.
The jelly is moderately wounded.
The big kobold hits you but does no damage.
The jelly hits you.
* * * LOW HITPOINT WARNING * * *
You are splashed with acid!
The acid burns!
You die...

#.# ##...#......(
#.#####.........<..
#.#.....#..#..)....
#.#.######.########
#. #.#.#### #.#
#..# ##.(....###.#
#...#.).<....##.#
##...÷.......#.#
#...>K@).....#.#
#...#.)†J.....#.#
...#....?..<...#.#
#. ##..........#..
###.......###.
......... ........
#....... ...


You could see a big kobold and a jelly.

Vanquished Creatures
  A sky beast (D:7)
  A centaur (D:7)
  A quasit (D:6)
  A crimson imp (D:7)
  A jelly (D:6)
  A giant frog skeleton (D:5)
  4 hounds
  A worker ant (D:6)
  Robin (D:3)
  A white imp (D:6)
  A shadow imp (D:5)
  A worm (D:4)
  An ufetubus (D:6)
  An adder skeleton (D:5)
  3 giant geckos
  An orc (D:7)
  2 ball pythons (D:2)
  5 bats
  A bat zombie (D:5)
  10 goblins
  3 hobgoblins
  7 kobolds
  3 quokkas
  A giant cockroach (D:6)
  A giant newt (D:2)
  7 rats
61 creatures vanquished.

Notes
Turn   | Place    | Note
--------------------------------------------------------------
     0 | D:1      | timbw, the Ghoul Fighter, began the quest for the Orb.
     0 | D:1      | Reached XP level 1. HP: 19/19 MP: 1/1
   148 | D:3      | Reached XP level 2. HP: 26/26 MP: 2/2
   149 | D:3      | Noticed Robin
   168 | D:3      | Killed Robin
   168 | D:3      | Reached XP level 3. HP: 16/31 MP: 3/3
   416 | D:5      | Entered Level 5 of the Dungeon
   418 | D:5      | Found an iron altar of Okawaru.
   430 | D:5      | Became a worshipper of Warmaster Okawaru
   617 | D:5      | Reached XP level 4. HP: 38/38 MP: 3/3
   705 | D:5      | Reached skill level 4 in Axes
   737 | D:5      | Reached XP level 5. HP: 40/45 MP: 4/4
   752 | D:6      | Reached skill level 5 in Axes
   802 | D:6      | Found a shadowy altar of Dithmenos.
   824 | D:6      | Acquired Okawaru's first power
   824 | D:6      | Reached XP level 6. HP: 51/51 MP: 5/5
   849 | D:6      | Noticed Eustachio
   885 | D:7      | Reached skill level 6 in Axes
   964 | D:7      | Reached XP level 7. HP: 16/57 MP: 3/5
   970 | D:7      | Splashed by a jelly's acid

Action                   |  1- 3 |  4- 6 |  7- 9 || total
-------------------------+-------+-------+-------++-------
Melee: War axe           |    94 |    82 |     6 ||   182
Invok: Heroism           |       |     2 |       ||     2
  Use: Scroll            |     2 |       |       ||     2
  Eat: Chunk             |     2 |     7 |       ||     9
